 Dungeon Sprint DCSS version 0.21.1-1-g345015f (webtiles) character file.

26 sankara the Chucker (level 2, 29/29 HPs)
             Began as a Troll Hunter on Apr 4, 2018.
             Got out of the dungeon alive.
             The game lasted 00:00:33 (33 turns).

sankara the Chucker (Troll Hunter)                    Turns: 33, Time: 00:00:33

Health: 29/29      AC:  5    Str: 19    XL:     2   Next: 89%
Magic:  1/1        EV: 10    Int:  7    God:
Gold:   0          SH:  0    Dex: 10    Spells: 1/1 levels left

rFire    . . .     SeeInvis .   (no weapon)
rCold    . . .     Gourm    +   (no shield)
rNeg     . . .     Faith    .   a - +0 robe
rPois    .         Spirit   .   (helmet restricted)
rElec    .         Reflect  .   (no cloak)
rCorr    .         Harm     .   (gloves unavailable)
MR       .....     NoTele   +   (boots unavailable)
Stlth    +.........             (no amulet)
HPRegen  0.49/turn              (no ring)
MPRegen  0.07/turn              (no ring)

@: no status effects
A: large, unfitting armour, claws 3, fast metabolism 3, gourmand, regeneration
1, shaggy fur 1, tough skin 2
a: no special abilities


You escaped.
You were not hungry.

You visited 1 branch

Inventory:

Hand Weapons
 b - a +0 short sword
 c - a +0 dagger
   (You took it off Ijyb in the Dungeon)
Missiles
 d - 2 throwing nets {=f, !d}
 l - 4 large rocks (quivered) {!d}
Armour
 a - a +0 robe (worn)
Scrolls
 k - a scroll of blinking {!r}
Potions
 e - a potion of curing
 g - a potion of heal wounds
 h - a potion of haste
 i - 2 potions of magic
 j - a potion of berserk rage {!q}
Comestibles
 f - 2 rations


   Skills:
 + Level 2.8 Fighting
 * Level 5.2 Throwing
 + Level 2.8 Dodging
 - Level 0.3 Stealth


You had one spell level left.
You didn't know any spells.

Dungeon Overview and Level Annotations

Branches:
Dungeon (1/1)

Altars:


Innate Abilities, Weirdness & Mutations

You are too large for most types of armour.
You have claws for hands.
Your metabolism is lightning-fast.
You like to eat raw meat.
Your natural rate of healing is unusually fast.
You are covered in fur. (AC +1)
You have very tough skin. (AC +2)


Message History

Press ? for a list of commands and other information.
Found a staircase leading out of the dungeon.
Adjust (i)tems, (s)pells, or (a)bilities?
Adjust which item? (? for menu, Esc to quit)
a - a +0 short sword (weapon)
Adjust to which letter? (? for menu, Esc to quit)
b - a +0 short sword (weapon);
a - a +0 robe (worn)
You are now empty-clawed.
You open the door.
Marking area around Ijyb as unsafe for travelling.
Ijyb the Twisted Goblin comes into view.
She is wielding a dagger.
Throwing (i - inventory. (,) - cycle):
c - 5 large rocks (quivered)
{!d}
Press: ? - help, Shift-Dir - straight line, f - Ijyb
Aim: Ijyb, wielding a dagger and wearing a scale mail (resting)
You throw a large rock {!d}. The large rock {!d} hits Ijyb!!
Ijyb shouts!
Ijyb is severely wounded.
Throwing (i - inventory. (,) - cycle):
c - 4 large rocks (quivered)
{!d}
Press: ? - help, Shift-Dir - straight line, f/p - Ijyb
Aim: Ijyb, wielding a dagger and wearing a scale mail (severely wounded)
You throw a large rock {!d}.
The large rock {!d} completely misses Ijyb.
Ijyb screams, "I dance on your bones!" Ijyb hits you but does no damage.
Throwing (i - inventory. (,) - cycle):
c - 3 large rocks (quivered)
{!d}
Press: ? - help, Shift-Dir - straight line, f/p - Ijyb
Aim: Ijyb, wielding a dagger and wearing a scale mail (severely wounded)
You throw a large rock {!d}. The large rock {!d} hits Ijyb.
Ijyb is almost dead.
Ijyb closely misses you. Ijyb hits you but does no damage.
Throwing (i - inventory. (,) - cycle):
c - 2 large rocks (quivered)
{!d}
Press: ? - help, Shift-Dir - straight line, f/p - Ijyb
Aim: Ijyb, wielding a dagger and wearing a scale mail (almost dead)
You throw a large rock {!d}. The large rock {!d} barely misses Ijyb.
Ijyb barely misses you. Ijyb hits you with a dagger.
Throwing (i - inventory. (,) - cycle):
c - a large rock (quivered)
{!d}
Press: ? - help, Shift-Dir - straight line, f/p - Ijyb
Aim: Ijyb, wielding a dagger and wearing a scale mail (almost dead)
You throw a large rock {!d}.
The large rock {!d} hits Ijyb but does no damage.
Ijyb is almost dead.
Ijyb barely misses you. Ijyb hits you but does no damage.
Firing (i - inventory. (,) - cycle): Nothing suitable (ignored '=f'-inscribed item on 'd').
Press: ? - help, Shift-Dir - straight line, f/p - Ijyb
Aim: Ijyb, wielding a dagger and wearing a scale mail (almost dead)
Okay, then.
Really attack barehanded? [Y]es or [N]o only, please.
Really attack barehanded? [Y]es or [N]o only, please.
Really attack barehanded?
You barely miss Ijyb.
Ijyb is almost dead.
Ijyb barely misses you.
You closely miss Ijyb.
Ijyb is almost dead.
Ijyb barely misses you.
You closely miss Ijyb.
Ijyb is almost dead.
Ijyb hits you but does no damage.
You scratch Ijyb.
Ijyb is almost dead.
Ijyb screams, "You nasty!
Big nasty!"
Ijyb hits you but does no damage.
You scratch Ijyb but do no damage.
Ijyb is almost dead.
Ijyb hits you but does no damage.
You scratch Ijyb but do no damage.
Ijyb is almost dead.
Ijyb misses you.
You closely miss Ijyb.
Ijyb is almost dead.
Ijyb hits you but does no damage.
You scratch Ijyb.
Ijyb is almost dead.
Ijyb closely misses you.
You scratch Ijyb but do no damage.
Ijyb is almost dead.
Ijyb hits you but does no damage.
You closely miss Ijyb.
Ijyb is almost dead.
Ijyb misses you.
You scratch Ijyb.
You kill Ijyb!
Your Fighting skill increases to level 2!
Your Throwing skill gained 2 levels and is now at level 5!
Your Dodging skill increases to level 2!
You have reached level 2!
c - a dagger;
l - 2 large rocks {!d}
There is an open door here.
You see here a scale mail.
l - 3 large rocks {!d} (gained 1)
l - 4 large rocks {!d} (gained 1)
There is an open door here.
You see here a scale mail.
There is an open door here.
You see here a scale mail.
There is a staircase leading out of the dungeon here.
Are you sure you want to leave the Dungeon?
This will make you lose the game!
You have escaped!

#######
#@.#..+
#..[..#
#..####
#..#
#..#
#..#
#⌠⌠#
####


There were no monsters in sight!

Vanquished Creatures
  Ijyb (D)
1 creature vanquished.

Notes
Turn   | Place    | Note
-------+----------+-------------------------------------------
     0 | D        | sankara the Troll Hunter began the quest for the Orb.
     0 | D        | Reached XP level 1. HP: 19/19 MP: 0/0
     2 | D        | Noticed Ijyb
    18 | D        | Killed Ijyb
    18 | D        | Reached skill level 2 in Fighting
    18 | D        | Reached skill level 5 in Throwing
    18 | D        | Reached skill level 2 in Dodging
    18 | D        | Reached XP level 2. HP: 29/29 MP: 1/1
    33 | D        | Got out of the dungeon alive.

Skill      XL: |  1 |
---------------+----+-----
Fighting       | 2 |  2.8
Throwing       | 5 |  5.2
Dodging        | 2 |  2.8
Stealth        | |  0.3

Action                   || total
-------------------------++-------
Melee: Unarmed           ||    11
Throw: Large rock        ||     5
Armor: Robe              ||     8
Dodge: Dodged            ||     8

Vault maps used:
D:        dungeon_sprint_1

Table legend:
 A = Turns spent in this place as a percentage of turns spent in the entire game.
 B = Non-inter-level travel turns spent in this place as a percentage of non-inter-level travel turns spent in the entire game.
 C = Inter-level travel turns spent in this place as a percentage of turns spent in this place.
 D = Turns resting spent in this place as a percentage of non-inter-level travel turns spent in this place.
 E = Turns spent auto-exploring this place as a percentage of non-inter-level travel turns spent in this place.
 F = Non-inter-level travel turns spent in this place divided by the number of levels of this place that you've seen.
                   A       B       C       D       E      F
               +-------+-------+-------+-------+-------+----------------------
         Total | 100.0 | 100.0 |   9.1 |   0.0 |   0.0 |  30.0
       Dungeon | 100.0 | 100.0 |   9.1 |   0.0 |   0.0 |  30.0
               +-------+-------+-------+-------+-------+----------------------

Table legend:
 A = Kills in this place as a percentage of kills in entire the game.
 B = Kills by you in this place as a percentage of kills by you in the entire game.
 C = Kills by friends in this place as a percentage of kills by friends in the entire game.
 D = Other kills in this place as a percentage of other kills in the entire game.
 E = Experience gained in this place as a percentage of experience gained in the entire game.
 F = Experience gained in this place divided by the number of levels of this place that you have seen.
                   A       B       C       D       E      F
               +-------+-------+-------+-------+-------+----------------------
         Total | 100.0 | 100.0 |   N/A |   N/A | 100.0 |  38.0
       Dungeon | 100.0 | 100.0 |   N/A |   N/A | 100.0 |  38.0
               +-------+-------+-------+-------+-------+----------------------
